 Dungeon Crawl Stone Soup version 0.27-a0-577-ge2a43ba0c9 (webtiles) character file.

Game seed: 13414430839099285597

4146 kae the Martial Artist (level 10, -6/102 HPs)
             Began as a Naga Transmuter on Mar 9, 2021.
             Was a Believer of Cheibriados.
             Shot with a bolt by a yaktaur (21 damage)
             ... on level 9 of the Dungeon.
             The game lasted 00:08:31 (11429 turns).

kae the Martial Artist (Naga Transmuter)           Turns: 11429, Time: 00:08:32

Health: -6/102     AC:  6    Str: 19    XL:     10   Next: 27%
Magic:  11/14      EV: 11    Int: 18    God:    Cheibriados [**....]
Gold:   536        SH:  0    Dex: 19    Spells: 2/15 levels left

rFire    x . .     SeeInvis +     - Unarmed
rCold    + + +     Faith    .   (shield currently unavailable)
rNeg     . . .     Spirit   .   (armour currently unavailable)
rPois    +         Reflect  .   (helmet currently unavailable)
rElec    .         Harm     .   (cloak currently unavailable)
rCorr    .         Rampage  .   (gloves currently unavailable)
Will     +....                  (no barding)
Stlth    ++........             (no amulet)
HPRegen  0.27/turn              (no ring)
MPRegen  0.14/turn              (no ring)

@: ice-form, very slow
A: large, see invisible, spit poison 1, AC +3
a: Spit Poison, End Transformation, Renounce Religion, Bend Time


You were on level 9 of the Dungeon.
You worshipped Cheibriados.
Cheibriados was pleased with you.
You were a creature of crystalline ice.
You visited 2 branches of the dungeon, and saw 10 of its levels.
You also visited: Sewer.

You collected 551 gold pieces.
You spent 15 gold pieces at shops.

Inventory:

Armour
 a - a +1 robe (melded)
Jewellery
 f - a ring of positive energy
 p - a ring of resist corrosion
 r - a +6 ring of dexterity
 v - a +4 ring of protection
Wands
 q - a wand of polymorph (10)
 s - a wand of flame (9)
 u - a wand of paralysis (4)
Scrolls
 c - a scroll of fear
 d - a scroll of teleportation
 g - 9 scrolls of identify
 n - 2 scrolls of fog
 o - a scroll of enchant armour
 t - a scroll of enchant weapon {unknown}
Potions
 b - 2 potions of haste
 e - a potion of resistance
 h - 5 potions of brilliance
 i - 5 potions of might
 j - 7 potions of curing
 k - 2 potions of flight
 l - 4 potions of heal wounds
 m - a potion of lignification


   Skills:
 + Level 4.1 Fighting
 + Level 3.7 Dodging
 * Level 8.8 Unarmed Combat
 - Level 3.0 Spellcasting
 * Level 8.5 Transmutations
 - Level 4.0 Ice Magic
 - Level 3.0 Poison Magic
 + Level 3.5 Invocations


You had 2 spell levels left.
You knew the following spells:

 Your Spells              Type           Power      Damage    Failure   Level
a - Beastly Appendage     Tmut           66%        N/A       1%          1
b - Spider Form           Tmut/Pois      11%        N/A       4%          3
c - Ice Form              Ice/Tmut       25%        N/A       12%         4
d - Blade Hands           Tmut           16%        N/A       14%         5

Your spell library contained the following spells:

 Spells                   Type           Power      Damage    Failure   Level
 Wereblood                Tmut           33%        N/A       1%          2


Dungeon Overview and Level Annotations

Branches:
Dungeon (9/15)             Temple (1/1) D:6           Sewer (visited)
   Lair: D:8-11         Orc: D:9-12

Altars:
Ashenzari
Cheibriados
Dithmenos
Elyvilon
Fedhas
Gozag
Hepliaklqana
Kikubaaqudgha
Makhleb
Nemelex Xobeh
Qazlal
Ru
Sif Muna
Trog
Uskayaw
Vehumet
Wu Jian
Xom
Yredelemnul
Zin
The Shining One

Shops:
D:6 (   D:7 !


Innate Abilities, Weirdness & Mutations

((Your serpentine skin is tough. (AC +3)))
You have supernaturally acute eyesight. (SInv)
((Armour fits poorly on your strangely shaped body.))
((Your system is resistant to poisons. (rPois)))
((You cover ground very slowly.))
You can spit poison.
((You have a snake-like lower body.))


Message History

v - a +4 ring of protection Done exploring.
Done exploring.
Done exploring.
(D) Dungeon (T) Temple
Where to? (Enter - D:7 @ (x,y), ? - help)
There is a stone staircase leading down here.
You climb downwards.
A yaktaur comes into view.
Found 78 gold pieces, a potion of curing, a papyrus book and 25 stones.
There is a stone staircase leading up here.
Okay, then.
A yaktaur is nearby!
The yaktaur wields a +0 arbalest.
The yaktaur shoots a bolt.
The bolt barely misses you.
You hear a shout!
Casting: Ice Form (dangerous; 12% risk of failure)
Confirm with . or Enter, or press ? or * to list all spells.
You turn into a creature of crystalline ice.
Your +1 robe melds into your body.
The yaktaur shoots a bolt.
The bolt hits you!
A centaur comes into view.
The centaur wields a +0 shortbow.
The centaur shoots an arrow.
The arrow hits you.
The yaktaur shoots a bolt.
The bolt hits you!!
A worker ant comes into view.
The centaur shoots an arrow.
The arrow completely misses you.
The yaktaur shoots a bolt.
The bolt hits you!
The centaur shoots an arrow.
The arrow closely misses you.
The yaktaur shoots a bolt.
The bolt hits you!
The centaur shoots an arrow.
The arrow hits you.
* * * LOW HITPOINT WARNING * * *
The centaur shoots an arrow.
The arrow hits you.
* * * LOW HITPOINT WARNING * * *
The yaktaur shoots a bolt.
The bolt hits you but does no damage.
The centaur shoots an arrow.
The arrow hits you but does no damage.
There is a stone staircase leading up here.
The centaur shoots an arrow.
The arrow hits you.
* * * LOW HITPOINT WARNING * * *
The yaktaur shoots a bolt.
The bolt hits you!!
You die...

#..#. ....
#.c#. ($$.
#..c .$:$.
#..# .$$!.
#B.#......
#..#......
#..#######
#.........
#Y........
##########


You could see a yaktaur, a centaur and a worker ant.

Vanquished Creatures
  Erica (D:8)
  Maurice (D:8)
  A hornet (D:8)
  3 sky beasts
  2 orc warriors
  A black bear (D:6)
  2 ogres
  A centaur (D:6)
  2 phantoms (D:7)
  2 bullfrogs (D:6)
  A kobold brigand (Sewer)
  2 water moccasin skeletons
  7 scorpions
  2 howler monkeys
  A centaur zombie (D:5)
  5 orc priests
  5 hounds
  A jelly (D:8)
  A bullfrog skeleton (D:5)
  2 centaur skeletons (D:8)
  3 iguanas
  9 orc wizards
  5 worker ants
  2 killer bee zombies (D:8)
  A hound skeleton (D:8)
  A howler monkey skeleton (D:7)
  15 gnolls
  8 adders
  An ufetubus (D:7)
  3 oozes
  2 adder skeletons
  3 worms
  2 dart slugs
  30 orcs
  A ball python (Sewer)
  11 bats
  13 giant cockroaches
  5 goblins
  13 hobgoblins
  11 jackals
  5 quokkas
  10 frilled lizards
  24 kobolds
  6 rats
227 creatures vanquished.

Notes
Turn   | Place    | Note
-------+----------+-------------------------------------------
     0 | D:1      | kae the Naga Transmuter began the quest for the Orb.
     0 | D:1      | Reached XP level 1. HP: 18/18 MP: 3/3
   261 | D:1      | Reached XP level 2. HP: 23/25 MP: 3/5
   552 | D:1      | Reached XP level 3. HP: 28/31 MP: 6/6
   556 | D:1      | Learned a level 3 spell: Spider Form
   991 | D:1      | Reached skill level 1 in Poison Magic
  1232 | D:2      | Noticed an ogre
  1241 | D:2      | Reached XP level 4. HP: 36/38 MP: 7/7
  1320 | D:2      | Killed an ogre
  1321 | D:2      | Reached XP level 5. HP: 31/44 MP: 5/8
  2364 | D:2      | Learned a level 4 spell: Ice Form
  2848 | D:3      | Reached skill level 1 in Ice Magic
  2860 | D:3      | Reached XP level 6. HP: 30/51 MP: 4/9
  4035 | D:4      | Reached skill level 5 in Unarmed Combat
  4197 | D:4      | Reached XP level 7. HP: 56/57 MP: 6/10
  4261 | D:4      | Found a glowing drain.
  4322 | Sewer    | Entered a sewer
  4668 | Sewer    | Reached skill level 5 in Transmutations
  5416 | D:5      | Entered Level 5 of the Dungeon
  5521 | D:5      | Reached XP level 8. HP: 32/64 MP: 5/11
  7256 | D:6      | Found a shimmering altar of Xom.
  7419 | D:6      | Found a staircase to the Ecumenical Temple.
  7440 | Temple   | Entered the Ecumenical Temple
  7873 | Temple   | Became a worshipper of Cheibriados the Contemplative
  8021 | D:6      | Reached XP level 9. HP: 50/73 MP: 13/13
  8399 | D:6      | Found Umeotu's Weapon Emporium.
  8462 | D:6      | Learned a level 5 spell: Blade Hands
  8685 | D:7      | Reached skill level 1 in Invocations
  8691 | D:7      | Found Qanloemn's Distillery.
  8825 | D:7      | Bought a potion of degeneration for 15 gold pieces
  9215 | D:7      | Reached * piety under Cheibriados
 10038 | D:8      | Noticed Erica
 10155 | D:8      | Killed Erica
 10156 | D:8      | Reached XP level 10. HP: 69/85 MP: 1/14
 10222 | D:8      | Reached ** piety under Cheibriados
 11081 | D:8      | Noticed Maurice
 11090 | D:8      | Killed Maurice
 11429 | D:9      | Shot with a bolt by a yaktaur

Illustrated notes

Levels and vault maps discovered:
D:1:      dpeg_arrival_connections, layout_rooms
D:2:      layout_basic
D:3:      layout_loops_cross
D:4:      layout_rooms, gup_sewer_entry_glass, hangedman_decor_riveting
D:5:      layout_basic
D:6:      layout_rooms, minmay_temple_entry_statues_pillars, basic_altar,
          serial_shops, nicolae_shop_trees, roderic_roman_lattice
D:7:      layout_basic, serial_shops, shop
D:8:      layout_cave_pools, uniq_maurice, uniq_erica
D:9:      cheibrodos_elevator_heist, layout_basic, okawaru_ov_weapons_minmay,
          serial_shops, nicolae_shop_trees, hellmonk_ghost_happy_afterlife,
          minmay_misc_feat_x
Temple:   roderic_octagonal_lattice_temple

Skill      XL: |  1  2  3  4  5  6  7  8  9 10 |
---------------+-------------------------------+-----
Poison Magic   | 1 3 |  3.0
Transmutations | 3 4 5 6 8 |  8.5
Unarmed Combat | 4 5 6 7 8 |  8.8
Ice Magic      | 1 3 4 |  4.0
Dodging        | 2 3 |  3.7
Fighting       | 2 3 4 |  4.1
Spellcasting   | 3 |  3.0
Invocations    | 3 |  3.5

Action                   |  1- 3 |  4- 6 |  7- 9 | 10-12 || total
-------------------------+-------+-------+-------+-------++-------
Melee: Unarmed           |    59 |   181 |   362 |    51 ||   653
       Punch             |     1 |       |     3 |       ||     4
       Headbutt          |     8 |       |       |       ||     8
 Cast: Beastly Appendage |    12 |       |       |       ||    12
       Spider Form       |     1 |    31 |    50 |     5 ||    87
       Ice Form          |       |       |       |     3 ||     3
 Abil: Spit Poison       |    20 |    30 |    14 |       ||    64
  Use: Scroll            |       |     7 |     9 |       ||    16
       Potion            |       |       |     1 |     1 ||     2
 Stab: Sleeping          |       |       |       |     1 ||     1
Armor: Robe              |     4 |    20 |    34 |     1 ||    59
       Skin              |       |     6 |    20 |     8 ||    34
Dodge: Dodged            |    32 |   134 |   327 |    43 ||   536

Table legend: (Time is in decaauts)
 A = Elapsed time spent in this place.
 B = Non-inter-level travel time spent in this place.
 C = Inter-level travel time spent in this place.
 D = Time resting spent in this place.
 E = Time spent auto-exploring this place.
 F = Levels seen in this place.
 G = Mean time per level.
                   A        B        C        D        E       F      G
               +--------+--------+--------+--------+--------+-----+--------+
         Total |  13817 |  13455 |    362 |    607 |  11132 |  11 | 1256.1 |
       Dungeon |  12487 |  12171 |    316 |    427 |  10191 |   9 | 1387.4 |
        Temple |    627 |    581 |     46 |      0 |    577 |   1 |  627.0 |
         Sewer |    702 |    702 |      0 |    180 |    363 |   1 |  702.0 |
               +--------+--------+--------+--------+--------+-----+--------+

Top non-repeatable levels by time:
     D:5: 2063 daAuts
     D:7: 1783 daAuts
     D:8: 1769 daAuts
     D:2: 1715 daAuts
     D:3: 1690 daAuts
     D:6: 1255 daAuts
     D:1: 1148 daAuts
     D:4: 1048 daAuts
   Sewer: 702 daAuts
  Temple: 627 daAuts
     D:9: 13 daAuts
